AoeStats
← Gripen

Black Forest

510804151Analyzed
4v4 RM · 1d ago on Oct 2, 2026· 40m 49s· 8 players
Game mode
Random Map
Map size
Large (8 player)
Population
200
Speed
Normal
Resources
Standard
Victory
Conquest
Starting age
Dark Age
Ending age
Imperial Age
RankedLock teamsTeams togetherTeam positionsShared explorationLock speedFull tech treeHidden civsTurbo modeCheats
Victory
Defeat
🇸🇪 Spanish · Sweden
1489
+10
🇸🇪 Vietnamese · Sweden
1296
+18
🇸🇪 Cumans · Sweden
1244
+20
🇸🇪 Danes · Sweden
1204
+21
🇲🇽 Danes · Mexico
1346
-18
🇪🇸 Turks · Spain
1345
-18
🇨🇳 Maya · China
1332
-17
🇨🇳 Spanish · China
1305
-16
xblxavier
2:39 Loom
12:59 Feudal Age
14:56 Fletching
22:06 Castle Age
22:19 Double-Bit Axe
24:58 Bow Saw
28:50 Wheelbarrow
28:26 Gold Mining
29:26 Bodkin Arrow
30:11 Padded Archer Armor
30:05 Elite Skirmisher
31:17 Hand Cart
32:04 Leather Archer Armor
32:19 Ballistics
36:32 Imperial Age
34:32 Stone Mining
35:22 Gold Shaft Mining
36:27 Thumb Ring
37:30 Bracer
38:21 Forging
38:12 Scale Mail Armor
38:26 Pikeman
39:07 Squires
39:45 Iron Casting
39:05 Halberdier
40:46 Chain Mail Armor
M.Gallego
5:59 Loom
14:28 Feudal Age
15:26 Double-Bit Axe
18:47 Castle Age
23:34 Imperial Age
38:16 Padded Archer Armor
38:52 Fletching
39:41 Parthian Tactics
2110316511
1:40 Loom
11:47 Feudal Age
12:27 Double-Bit Axe
16:39 Castle Age
14:33 Horse Collar
24:31 Crossbowman
26:00 Fletching
26:12 Padded Archer Armor
27:13 Wheelbarrow
29:49 Bodkin Arrow
32:45 Imperial Age
31:07 Hand Cart
31:52 Ballistics
31:49 Gold Mining
32:23 Bow Saw
32:28 Thumb Ring
32:46 Pikeman
33:29 Bracer
33:45 Leather Archer Armor
33:30 Arbalester
34:44 Scale Mail Armor
34:48 Squires
35:51 Heavy Plow
35:51 Halberdier
38:10 Chain Mail Armor
38:06 Forging
38:08 Stone Mining
39:25 Ring Archer Armor
40:09 Arson
40:59 Conscription
华
11:37 Feudal Age
15:31 Castle Age
13:33 Double-Bit Axe
14:26 Horse Collar
16:45 Bow Saw
17:40 Padded Archer Armor
25:41 Wheelbarrow
27:43 Leather Archer Armor
28:58 Loom
31:04 Hand Cart
31:50 Gold Mining
34:07 Fervor
34:19 Sanctity
35:42 Bloodlines
35:33 Husbandry
37:04 Town Watch
40:09 Imperial Age
40:51 Scale Barding Armor
Kaos1000
8:15 Loom
10:55 Feudal Age
11:43 Double-Bit Axe
11:45 Horse Collar
22:47 Castle Age
20:57 Scale Barding Armor
21:02 Forging
21:48 Stone Mining
21:49 Gold Mining
23:45 Bow Saw
23:52 Heavy Plow
24:41 Town Watch
25:45 Caravan
26:33 Bloodlines
29:58 Chain Barding Armor
30:13 Iron Casting
30:33 Iron Casting
32:00 Steppe Husbandry
32:56 Wheelbarrow
37:04 Imperial Age
36:29 Fletching
37:04 Cavalier
37:07 Elite Steppe Lancer
38:22 Plate Barding Armor
38:49 Blast Furnace
38:26 Paladin
40:18 Crop Rotation
41:03 Two-Man Saw
J.D.Rehn
0:30 Loom
12:16 Feudal Age
14:04 Man-at-Arms
14:41 Double-Bit Axe
15:58 Arson
18:03 Forging
22:25 Castle Age
21:35 Horse Collar
22:45 Scale Mail Armor
23:39 Bow Saw
28:42 Chain Mail Armor
28:17 Gambesons
28:35 Squires
31:48 Squires
32:37 Iron Casting
35:05 Wheelbarrow
Gripen
12:51 Feudal Age
13:35 Double-Bit Axe
16:45 Castle Age
15:30 Horse Collar
17:02 Loom
17:42 Fletching
26:35 Wheelbarrow
25:46 Town Watch
26:10 Padded Archer Armor
27:29 Leather Archer Armor
29:11 Hand Cart
31:45 Imperial Age
31:40 Husbandry
31:51 Bloodlines
32:53 Conscription
32:43 Cavalier
33:16 Gold Mining
33:51 Scale Barding Armor
35:24 Chain Barding Armor
35:27 Paladin
37:43 Plate Barding Armor
38:07 Forging
39:29 Ring Archer Armor
41:11 Stone Mining
Creweer
1:39 Loom
13:26 Feudal Age
15:18 Double-Bit Axe
16:43 Horse Collar
22:45 Padded Archer Armor
24:56 Castle Age
22:53 Gold Mining
24:43 Fletching
25:17 Crossbowman
25:54 Bodkin Arrow
26:05 Heavy Plow
26:17 Bow Saw
28:30 Ballistics
28:51 Thumb Ring
32:10 Elite Skirmisher
39:11 Imperial Age
39:54 Coinage
39:20 Arbalester
40:01 Bracer
41:03 Chemistry
40:48 Leather Archer Armor
41:37 Two-Man Saw
41:10 Crop Rotation
40:42 Imperial Skirmisher
Connection lost

Rejoining the realm…

Still unreachable

The connection could not be restored.

Session expired

The server has moved on; the page needs a fresh start.